 Dungeon Crawl Stone Soup version 0.30-a0-937-ga0a21ad780 (webtiles) character file.

Game seed: 842934965967924902

93 Jeffwins the Caller (level 4, -2/45 HPs)
             Began as a Human Wanderer on Mar 24, 2023.
             Killed from afar by a steam dragon (6 damage)
             ... with a ball of steam
             ... on level 4 of the Dungeon.
             The game lasted 00:04:23 (2477 turns).

Jeffwins the Caller (Human Wanderer)                Turns: 2477, Time: 00:04:23

Health: -2/45      AC: 22    Str: 10    XL:     4   Next: 92%
Magic:  4/7        EV:  2    Int: 17    God:
Gold:   86         SH:  5    Dex: 12    Spells: 0/8 levels left

rFire   . . .      SeeInvis +    k - +3 dagger (venom)
rCold   . . .      Faith    .    g - +2 buckler
rNeg    . . .      Spirit   .    d - melded +0 robe
rPois   +          Reflect  .    (helmet currently unavailable)
rElec   .          Rampage  .    b - melded +0 cloak
rCorr   .          NoTele   +    (gloves currently unavailable)
Will    .....                    l - melded +0 pair of boots
Stlth   ++                       (no amulet)
HPRegen 0.27/turn                v - ring of see invisible
MPRegen 0.10/turn                (no ring)

@: tree-form
A: stationary, stasis, torment immunity, boosted hp
a: no special abilities


You were on level 4 of the Dungeon.
You were a tree.
You visited 1 branch of the dungeon, and saw 4 of its levels.

You collected 86 gold pieces.


   Skills:
 * Level 1.3(1.6) Short Blades
 - Level 1.1(1.4) Long Blades
 - Level 1.0 Armour
 + Level 2.2 Stealth
 + Level 1.0 Shields
 * Level 2.5 Spellcasting
 * Level 1.2 Conjurations
 * Level 4.3 Summonings
 * Level 1.4 Fire Magic
 * Level 0.0 Ice Magic
 + Level 0.0 Evocations


You couldn't memorise any spells.
You knew the following spells:

 Your Spells              Type           Power      Damage    Failure   Level
b - Summon Ice Beast      Ice/Summ       9%         N/A       71%         4
x - Call Imp              Summ           16%        N/A       6%          2
z - Foxfire               Conj/Fire      24%        2x1d5     14%         1
X - Summon Small Mammal   Summ           64%        N/A       4%          1

Your spell library contained the following spells:

 Spells                   Type           Power      Damage    Failure   Level
 Freeze                   Ice            8%         1d3       26%         1
 Hailstorm                Conj/Ice       4%         3d4       52%         3
 Frozen Ramparts          Ice            4%         1d1       58%         3
 Fireball                 Conj/Fire      3%         3d4       99%         5
 Starburst                Conj/Fire      3%         6d3       100%        6

Inventory:

Hand Weapons
 a - a +0 falchion
 k - a +3 dagger of venom (weapon)
 s - a +2 short sword of freezing
Missiles
 m - 11 poisoned darts
Armour
 b - a +0 cloak (melded)
 d - a +0 robe (melded)
 g - a +2 buckler (worn)
 l - a +0 pair of boots (melded)
Jewellery
 v - a ring of see invisible (left branch)
Wands
 w - a wand of mindburst (8)
 x - a wand of roots (14)
Scrolls
 c - 3 scrolls of fear
 h - 3 scrolls of identify {unknown}
 o - 2 scrolls of teleportation {unknown}
 p - a scroll of magic mapping {unknown}
 q - 3 scrolls of noise {unknown}
 r - a scroll of enchant weapon {unknown}
 t - a scroll of immolation {unknown}
 y - 4 scrolls of poison {unknown}
Potions
 e - a potion of cancellation {unknown}
 i - a potion of curing {@q1}
 j - a potion of heal wounds {unknown}
 n - a potion of mutation {unknown}
 u - a potion of magic {unknown}

Dungeon Overview and Level Annotations

Branches:
Dungeon (4/15)             Temple (0/1) D:4

Altars:

Annotations:
D:4 1 runed translucent door, olddryhag's ghost, amateur OpTm

.▒▒.. ##..# ▒▒..?..▒▒.
##.## ▒W..♣...+. #..#
▒▒..!..▒▒. #..#
.▒▒...▒▒.. ##.##
..▒▒⌠▒▒... #..#
...▒▒▒...# #..#
.........# ###..#
.......#..####§.♣###
.#.######.......D..###
##..# ##....§......###
##.## ##.....§........#
#..##....§§§.§.......)#
##.#.....§§§..........#
#........§............
##.....§..............
##...............~~~..


You could see a steam dragon (extremely poisoned, catching breath).


Message History

Your +0 robe melds into your body.
Your roots penetrate the ground.
The steam dragon closely misses your shadow imp.
The steam dragon claws your shadow imp.
Your shadow imp closely misses the steam dragon.
Unknown command.
It was a potion of curing.
You feel better.
Your shadow imp barely misses the steam dragon.
The steam dragon breathes steam at your shadow imp.
The ball of steam hits your shadow imp!
Your shadow imp dies!
Your shadow imp disappears in a puff of smoke!
Unknown command.
The steam dragon hisses angrily.
You hit the steam dragon.
The steam dragon looks even sicker.
The steam dragon is almost dead.
The steam dragon bites you but does no damage.
The steam dragon claws you but does no damage.
Unknown command.
You hit the steam dragon but do no damage.
The steam dragon looks as sick as possible!
The steam dragon is almost dead.
The steam dragon bites you.
* * * LOW HITPOINT WARNING * * *
The steam dragon claws you but does no damage.
Unknown command.
You barely miss the steam dragon.
The steam dragon is almost dead.
The steam dragon breathes steam at you. The ball of steam hits you.
You die...

Skill      XL: |  1  2  3  4 |
---------------+-------------+-----
Fire Magic     | 1 |  1.4
Short Blades   | 1 |  1.3
Conjurations   | 1 |  1.2
Shields        | 1 |  1.0
Long Blades    | |  1.1
Armour         | |  1.0
Stealth        | |  2.2
Spellcasting   | |  2.5
Summonings     | |  4.3

Action                     |  1- 3 |  4- 6 || total
---------------------------+-------+-------++-------
  Melee: Falchion          |    18 |       ||    18
         Dagger            |    57 |    50 ||   107
   Cast: Foxfire           |     9 |       ||     9
         Call Imp          |       |     2 ||     2
    Use: Potion            |       |     2 ||     2
   Stab: Sleeping          |     3 |     4 ||     7
 Armour: Robe              |    20 |     6 ||    26
         Skin              |       |     3 ||     3
  Dodge: Dodged            |    27 |    13 ||    40
  Block: Buckler           |    11 |    15 ||    26

Levels and vault maps discovered:
D:1:      dpeg_arrival_solitude, layout_loops_corners,
          hellmonk_ecumenical_altar_heavens_door
D:2:      layout_basic
D:3:      layout_rooms
D:4:      layout_cave_pods, minmay_temple_entry_ruins,
          hellmonk_ghost_happy_afterlife, serial_column_ruins,
          column_ruins_temple_circle, column_ruins_open_small,
          column_ruins_grid_1, column_ruins_open_medium_water,
          column_ruins_grid_1, column_ruins_grid_1, column_ruins_columns_T,
          column_ruins_grid_2

Notes
Turn   | Place    | Note
-------+----------+-------------------------------------------
     0 | D:1      | Jeffwins the Human Wanderer began the quest for the Orb.
     0 | D:1      | Jeffwins set off with the following items: a +0 falchion, a
                  | +0 cloak, a scroll of fear, a +0 robe; and the following
                  | spell memorised: Summon Small Mammal; and the following
                  | spells available to memorise: Call Imp, Summon Ice Beast.
     0 | D:1      | Reached XP level 1. HP: 13/13 MP: 3/3
   103 | D:1      | Found a faded altar of an unknown god.
   431 | D:1      | Learned a level 1 spell: Foxfire
   563 | D:1      | Reached XP level 2. HP: 19/19 MP: 0/5
  1077 | D:2      | Reached XP level 3. HP: 24/24 MP: 6/6
  1129 | D:2      | Learned a level 2 spell: Call Imp
  1147 | D:2      | Reached skill level 1 in Fire Magic
  1568 | D:2      | Reached skill level 1 in Short Blades
  1690 | D:2      | Reached XP level 4. HP: 28/30 MP: 7/7
  1810 | D:3      | Reached skill level 1 in Conjurations
  2104 | D:3      | Reached skill level 1 in Shields
  2327 | D:4      | Found a runed translucent door.
  2327 | D:4      | Noticed olddryhag's ghost (amateur OpTm)
  2334 | D:4      | Learned a level 4 spell: Summon Ice Beast
  2421 | D:4      | Found a staircase to the Ecumenical Temple.
  2458 | D:4      | Noticed a steam dragon
  2471 | D:4      | HP: 1/30 [steam dragon/ball of steam (16)]
  2476 | D:4      | HP: 4/45 [steam dragon (6)]
  2477 | D:4      | Killed from afar by a steam dragon

Vanquished Creatures
  4 adders
  2 worms (D:2)
  A dart slug (D:3)
  4 bats
  4 endoplasms
  2 giant cockroaches
  6 goblins
  A hobgoblin (D:3)
  3 jackals (D:2)
  3 quokkas
  A ball python (D:2)
  2 frilled lizards (D:3)
  10 kobolds
  4 rats
47 creatures vanquished.

Vanquished Creatures (others)
  18 foxfires
18 creatures vanquished.

Grand Total: 65 creatures vanquished

Table legend: (Time is in decaauts)
 A = Elapsed time spent in this place.
 B = Non-inter-level travel time spent in this place.
 C = Inter-level travel time spent in this place.
 D = Time resting spent in this place.
 E = Time spent auto-exploring this place.
 F = Levels seen in this place.
 G = Mean time per level.
                   A        B        C        D        E       F      G
               +--------+--------+--------+--------+--------+-----+--------+
         Total |   2479 |   2380 |     99 |      0 |   1952 |   4 |  619.8 |
       Dungeon |   2479 |   2380 |     99 |      0 |   1952 |   4 |  619.8 |
               +--------+--------+--------+--------+--------+-----+--------+

Top non-repeatable levels by time:
     D:1: 921 daAuts
     D:2: 875 daAuts
     D:3: 462 daAuts
     D:4: 220 daAuts

Table legend:
 A = Non-vault XP
 B = Vault XP
 C = Vault XP percentage of total XP
 D = Non-vault monster count
 E = Vault monster count
 F = Vault count percentage of total count
                 A         B        C        D         E       F
            +---------+---------+-------+---------+---------+-------
      Total |     134 |       0 |   0.0 |      47 |       0 |   0.0
            +---------+---------+-------+---------+---------+-------
        D:1 |      16 |       0 |   0.0 |       9 |       0 |   0.0
        D:2 |      53 |       0 |   0.0 |      21 |       0 |   0.0
        D:3 |      63 |       0 |   0.0 |      16 |       0 |   0.0
        D:4 |       2 |       0 |   0.0 |       1 |       0 |   0.0
            +---------+---------+-------+---------+---------+-------
